 Dungeon Crawl Stone Soup version 0.27-a0-1565-gad902ab807 (webtiles) character file.

Game seed: 2495660061080964061

347 flotson the Sneak (level 6, -8/48 HPs)
             Began as a Merfolk Delver on July 16, 2021.
             Mangled by an orc warrior (14 damage)
             ... on level 6 of the Dungeon.
             The game lasted 00:06:57 (4337 turns).

flotson the Sneak (Merfolk Delver)                  Turns: 4337, Time: 00:06:58

Health: -8/48      AC:  6    Str: 14    XL:     6   Next: 59%
Magic:  6/6        EV: 12    Int: 10    God:
Gold:   102        SH:  0    Dex: 15    Spells: 5/5 levels left

rFire    . . .     SeeInvis .   r - +2 quarterstaff (chaos)
rCold    . . .     Faith    .   (shield currently unavailable)
rNeg     . . .     Spirit   .   q - +0 ring mail
rPois    .         Reflect  .   (no helmet)
rElec    .         Harm     .   j - +0 cloak
rCorr    .         Rampage  .   (no gloves)
Will     .....                  (no boots)
Stlth    +.........             (no amulet)
HPRegen  0.16/turn              (no ring)
MPRegen  0.10/turn              (no ring)

@: confused, ambrosia-drunk
A: (nimble swimmer 2), mertail
a: no special abilities


You were on level 6 of the Dungeon.
You visited 1 branch of the dungeon, and saw 6 of its levels.

You collected 102 gold pieces.

Inventory:

Hand Weapons
 a - a +0 spear
 r - a +2 quarterstaff of chaos (weapon)
Missiles
 n - 15 poisoned darts (quivered)
Armour
 j - a +0 cloak (worn)
 q - a +0 ring mail (worn)
 s - a +2 plate armour of positive energy
Jewellery
 m - an amulet of faith
Wands
 g - a wand of digging (2)
Scrolls
 b - a scroll of immolation {unknown}
 c - a scroll of fog
 d - a scroll of vulnerability {unknown}
 e - a scroll of fear
 k - 5 scrolls of identify {unknown}
 o - a scroll of amnesia {unknown}
Potions
 f - a potion of haste
 h - a potion of heal wounds
 i - a potion of ambrosia
 l - a potion of lignification {unknown}
 p - a potion of curing {unknown}


   Skills:
 + Level 4.2 Fighting
 + Level 4.8 Polearms
 + Level 1.7 Throwing
 + Level 1.5 Armour
 + Level 4.6 Dodging
 - Level 6.0 Stealth
 + Level 2.1 Evocations


You had 5 spell levels left.
You didn't know any spells.
Your spell library contained the following spells:

 Spells                   Type           Power      Damage    Failure   Level
 Foxfire                  Conj/Fire      0%         2x1d4     61%         1
 Conjure Flame            Conj/Fire      0%         6-21      93%         3
 Inner Flame              Hex/Fire       0%         N/A       93%         3


Dungeon Overview and Level Annotations

Branches:
Dungeon (6/15)
 Temple: D:4-7

Altars:
Zin

Shops:
D:6 :


Innate Abilities, Weirdness & Mutations

((You are quick and stealthy near water. (Stealth+, EV+, Speed+++)))
Your lower body shifts to a powerful aquatic tail in water.


Message History

Unknown command.
You miss the orc warrior. Something hits you but does no damage.
The orc warrior hits you with a +0 flail!
The hound barely misses you. The crimson imp puffs mist at you.
You are too confused!
Unknown command.
It was a potion of heal wounds.
You feel much better. The hound bites you but does no damage.
Something hits you but does no damage.
The orc warrior hits you with a +0 flail.
The hound closely misses you.
It was a potion of ambrosia.
You are more confused.
You feel invigorated. Something hits you. The orc warrior barely misses you.
The hound bites you.
The crimson imp disappears for a moment.
You miss the orc warrior. The hound misses you.
The orc priest invokes the aid of Beogh against you.
Beogh smites you! Something hits you but does no damage.
The orc warrior closely misses you. The hound closely misses you.
You hit the orc warrior.
The orc warrior is lightly wounded.
The hound barely misses you. Something barely misses you.
The orc warrior hits you with a +0 flail!
The hound closely misses you. Something hits you but does no damage.
The orc warrior hits you with a +0 flail!
You closely miss the orc warrior.
The orc warrior is lightly wounded.
The hound misses you. Something hits you but does no damage.
The orc warrior hits you with a +0 flail!
* * * LOW HITPOINT WARNING * * *
The hound bites you.
* * * LOW HITPOINT WARNING * * *
The crimson imp blinks!
You're too confused to move!
The hound bites you.
* * * LOW HITPOINT WARNING * * *
Something hits you.
* * * LOW HITPOINT WARNING * * *
The orc warrior hits you with a +0 flail!
You die...

.#####.#...### .......
#.##..<.##....<.. ###.
##.##......#.....# ##...
###o.#####......# #...s #.{(##
##..##.... ###.##.####.#.####
##..####..
..........o.........###.....∩.
#.........#######.......#####
##...).###{@o..##..###......
..##...##§hh≈≈≈..#. #######
≈./($......o§≈≈§≈.# #
...##...##.(.≈§≈.$# .#
#.....###.5...## #.......
####### ..5.(#... #.#####..^
.. .....


You could see an orc warrior, a black bear, a hound, an orc priest and a crimson
imp.

Vanquished Creatures
  Grinder (D:4)
  Crazy Yiuf (D:3)
  4 adders (D:2)
  A shadow imp (D:6)
  An adder skeleton (D:4)
  2 worms (D:2)
  A dart slug (D:2)
  9 orcs
  4 bats
  4 endoplasms
  2 giant cockroaches
  6 goblins
  7 hobgoblins
  7 jackals
  7 ball pythons
  2 frilled lizards
  5 kobolds
  4 rats
68 creatures vanquished.

Notes
Turn   | Place    | Note
-------+----------+-------------------------------------------
     0 | D:5      | flotson the Merfolk Delver began the quest for the Orb.
     0 | D:5      | Reached XP level 1. HP: 18/18 MP: 1/1
     4 | D:5      | Noticed a hound
   103 | D:4      | Noticed Grinder
   214 | D:3      | Reached XP level 2. HP: 24/24 MP: 2/2
   574 | D:2      | Reached XP level 3. HP: 11/29 MP: 3/3
  1021 | D:2      | Reached skill level 1 in Evocations
  1291 | D:1      | Reached XP level 4. HP: 36/36 MP: 4/4
  1889 | D:1      | Found a faded altar of an unknown god.
  2226 | D:2      | Found a glowing silver altar of Zin.
  3430 | D:3      | Found a runed translucent door.
  3431 | D:3      | Noticed Crazy Yiuf
  3565 | D:3      | Killed Crazy Yiuf
  3566 | D:3      | Reached skill level 1 in Armour
  3566 | D:3      | Reached XP level 5. HP: 36/42 MP: 5/5
  3866 | D:4      | Paralysed by Grinder for 5 turns
  3873 | D:4      | Killed Grinder
  3874 | D:4      | Reached skill level 1 in Throwing
  3874 | D:4      | Reached skill level 6 in Stealth
  3874 | D:4      | Reached XP level 6. HP: 29/48 MP: 6/6
  4054 | D:4      | Noticed a water moccasin
  4168 | D:4      | You fall into a shaft and drop 2 floors!
  4281 | D:6      | Found Covearof's Book Emporium.
  4294 | D:6      | Noticed an orc warrior
  4303 | D:6      | Noticed a black bear
  4337 | D:6      | Mangled by an orc warrior

Illustrated notes

Levels and vault maps discovered:
D:1:      lightli_arrival_quake, layout_basic, basic_ecumenical_altar
D:2:      layout_basic, basic_altar, guppyfry_early_orc_mine
D:3:      layout_basic, minmay_misc_feat_x, uniq_crazy_yiuf_cottage
D:4:      layout_cave_pools, minivault_11, uniq_grinder
D:5:      kennysheep_spiral_hall, layout_gridville, uniq_ijyb
D:6:      layout_rooms, serial_shops, shop, gup_sewer_entry_bubbles,
          minmay_fire_ice_demons

Skill      XL: |  1  2  3  4  5 |
---------------+----------------+-----
Dodging        | 3 4 |  4.6
Evocations     | 1 2 |  2.1
Polearms       | 4 |  4.8
Armour         | 1 |  1.5
Fighting       | 4 |  4.2
Throwing       | 1 |  1.7
Stealth        | 6 |  6.0

Action                   |  1- 3 |  4- 6 || total
-------------------------+-------+-------++-------
Melee: Spear             |   132 |   122 ||   254
       Quarterstaff      |       |    32 ||    32
Throw: Dart              |       |    17 ||    17
Evoke: Wand              |     1 |       ||     1
  Use: Scroll            |     1 |     1 ||     2
       Potion            |       |     2 ||     2
 Stab: Sleeping          |     4 |     4 ||     8
       Invisible         |       |     1 ||     1
Armor: Leather armour    |     4 |       ||     4
       Scale mail        |    38 |    28 ||    66
       Ring mail         |       |    24 ||    24
Dodge: Dodged            |    49 |    82 ||   131

Table legend: (Time is in decaauts)
 A = Elapsed time spent in this place.
 B = Non-inter-level travel time spent in this place.
 C = Inter-level travel time spent in this place.
 D = Time resting spent in this place.
 E = Time spent auto-exploring this place.
 F = Levels seen in this place.
 G = Mean time per level.
                   A        B        C        D        E       F      G
               +--------+--------+--------+--------+--------+-----+--------+
         Total |   4327 |   4020 |    307 |    348 |   2950 |   6 |  721.2 |
       Dungeon |   4327 |   4020 |    307 |    348 |   2950 |   6 |  721.2 |
               +--------+--------+--------+--------+--------+-----+--------+

Top non-repeatable levels by time:
     D:2: 1691 daAuts
     D:3: 1096 daAuts
     D:1: 925 daAuts
     D:4: 411 daAuts
     D:6: 169 daAuts
     D:5: 33 daAuts
